 Dungeon Crawl Stone Soup version 0.21.1-1-g345015f (webtiles) character file.

63 Kairos the Shield-Bearer (level 4, 37/37 HPs)
             Began as a Formicid Fighter on Apr 7, 2018.
             Got out of the dungeon alive.
             The game lasted 00:01:50 (1011 turns).

Kairos the Shield-Bearer (Formicid Fighter)         Turns: 1011, Time: 00:01:51

Health: 37/37      AC:  8    Str: 20    XL:     4   Next: 31%
Magic:  4/4        EV:  8    Int:  8    God:
Gold:   52         SH:  9    Dex: 11    Spells: 3/3 levels left

rFire    . . .     SeeInvis +   a - +1 war axe
rCold    . . .     Gourm    .   c - +0 shield
rNeg     . . .     Faith    .   b - +0 scale mail
rPois    .         Spirit   .   (helmet unavailable)
rElec    .         Reflect  .   h - +0 cloak
rCorr    .         Harm     .   (no gloves)
MR       .....                  (no boots)
Stlth    ..........             n - amulet of magic regeneration
HPRegen  0.12/turn              (no ring)
MPRegen  0.34/turn              (no ring)

@: no status effects
A: permanent stasis, dig shafts and tunnels, four strong arms, antennae 3
a: Dig, Shaft Self


You escaped.
You were hungry.

You visited 1 branch of the dungeon, and saw 2 of its levels.

You collected 52 gold pieces.

Inventory:

Hand Weapons
 a - a +1 war axe (weapon)
Missiles
 g - 4 javelins (quivered)
Armour
 b - a +0 scale mail (worn)
 c - a +0 shield (worn)
 h - a +0 cloak (worn)
Jewellery
 n - an amulet of magic regeneration (around neck)
Potions
 d - 3 potions of might
 e - a potion of cancellation {unknown}
 i - a potion of heal wounds
 j - a potion of curing {unknown}
 l - a potion of degeneration {unknown}
Comestibles
 f - 6 rations


   Skills:
 + Level 4.0 Fighting
 + Level 3.0 Axes
 + Level 3.6 Armour
 + Level 4.1 Shields


You had 3 spell levels left.
You didn't know any spells.

Dungeon Overview and Level Annotations

Branches:
Dungeon (2/15)

Altars:


Innate Abilities, Weirdness & Mutations

You cannot be hasted, slowed, berserked, paralysed or teleported.
You can dig through walls and to a lower floor.
Your four strong arms can wield two-handed weapons with a shield.
You have a pair of large antennae on your head. (SInv)


Message History

It was a scroll of immolation.
As you read the scroll labeled IRENAFUGHO, it crumbles to dust.
It is a scroll of amnesia.
You feel forgetful for a moment.
As you read the scroll labeled HAUVETSOAFUWK, it crumbles to dust.
It is a scroll of identify.
i - a potion of heal wounds Done exploring.
Done exploring.
Done exploring.
There is an escape hatch in the floor here.
You are feeling hungry.
You can't go up here!
There is a stone staircase leading up here.
You climb upwards.
There is a stone staircase leading down here.
You see here a bat skeleton.
There is a staircase leading out of the dungeon here.
Are you sure you want to leave the Dungeon?
This will make you lose the game!
You have escaped!

##.# #....###.........##.......#
#..###....# #.........##...>...#
#...##....###.........##........
#.#.##....##.........รท..........
#.#.####.###.##.########.......#
##.#.####.##.......## #.......#
#...................# #.......#
....................# #.......#
................@...# #######.#
....................###########..
.................................
.....................########...#
..............##.#########....###
...............##..........####
#..........##.............##
.#.#.#.#####...#..........#######
.............####................


There were no monsters in sight!

Vanquished Creatures
  3 oozes (D:2)
  A worm (D:2)
  4 dart slugs
  2 leopard geckos
  4 bats
  A giant cockroach (D:1)
  4 goblins
  6 hobgoblins (D:2)
  3 kobolds
  A ball python (D:1)
  3 frilled lizards
  6 rats
38 creatures vanquished.

Notes
Turn   | Place    | Note
-------+----------+-------------------------------------------
     0 | D:1      | Kairos the Formicid Fighter began the quest for the Orb.
     0 | D:1      | Reached XP level 1. HP: 18/18 MP: 1/1
    97 | D:1      | Reached XP level 2. HP: 24/24 MP: 2/2
   252 | D:1      | Reached XP level 3. HP: 19/29 MP: 3/3
   629 | D:2      | Reached XP level 4. HP: 37/37 MP: 4/4
  1011 | D:$      | Got out of the dungeon alive.

Skill      XL: |  1  2  3  4 |
---------------+-------------+-----
Shields        | 4 |  4.1
Fighting       | 4 |  4.0
Axes           | 3 |  3.0
Armour         | |  3.6

Action                   |  1- 3 |  4- 6 || total
-------------------------+-------+-------++-------
Melee: War axe           |    70 |    33 ||   103
  Use: Scroll            |     3 |     3 ||     6
Armor: Scale mail        |    40 |    10 ||    50
Dodge: Dodged            |    23 |     3 ||    26
Block: Shield            |    57 |    17 ||    74
